AoeStats
← K ingaete 6787

Black Forest

509738358Analyzed
3v3 RM · 4d ago on Sep 27, 2026· 69m 10s· 6 players
Game mode
Random Map
Map size
Normal (6 player)
Population
200
Speed
Normal
Resources
Standard
Victory
Conquest
Starting age
Dark Age
Ending age
Imperial Age
RankedLock teamsTeams togetherTeam positionsShared explorationLock speedFull tech treeHidden civsTurbo modeCheats
Victory
Defeat
🇦🇷 Slavs · Argentina
846
+12
🇦🇷 Bohemians · Argentina
792
+14
🇩🇰 Teutons · Denmark
699
+18
🇨🇱 Franks · Chile
909
-66
🇨🇱 Slavs · Chile
672
-12
🇨🇱 Khmer · Chile
652
-11
K ingaete 6787
12:01 Feudal Age
16:45 Castle Age
15:28 Double-Bit Axe
18:17 Loom
30:34 Horse Collar
32:15 Detinets
34:24 Bow Saw
34:40 Heavy Plow
37:17 Man-at-Arms
39:18 Long Swordsman
45:17 Squires
53:53 Imperial Age
56:26 Heavy Scorpion
58:25 Two-Man Saw
Kuajo
16:11 Feudal Age
19:40 Wheelbarrow
19:11 Double-Bit Axe
19:20 Gold Mining
20:31 Wheelbarrow
23:15 Man-at-Arms
29:39 Castle Age
27:49 Stone Mining
31:43 Hand Cart
32:13 Town Watch
33:28 Town Patrol
36:58 Imperial Age
36:44 Husbandry
37:31 Cavalier
38:29 Forging
38:26 Scale Barding Armor
39:40 Paladin
41:00 Iron Casting
40:46 Chain Barding Armor
41:40 Loom
43:26 Blast Furnace
43:06 Chivalry
52:51 Ordonnance Companies
61:04 Gold Shaft Mining
60:45 Bow Saw
nohacenadi3489
11:47 Feudal Age
17:02 Castle Age
26:00 Horse Collar
27:37 Double-Bit Axe
28:31 Wheelbarrow
31:11 Heavy Plow
37:03 Imperial Age
35:07 Bow Saw
37:21 Hand Cart
37:04 Gold Mining
37:05 Stone Mining
39:47 Double Crossbow
40:50 Scale Barding Armor
41:47 Elite Ballista Elephant
43:06 Crop Rotation
43:22 Gold Shaft Mining
43:19 Heavy Scorpion
44:48 Tusk Swords
Bisgarra
2:24 Loom
11:29 Feudal Age
14:23 Man-at-Arms
14:49 Arson
16:47 Town Watch
20:47 Scale Mail Armor
20:38 Fletching
22:16 Horse Collar
23:58 Wheelbarrow
26:35 Castle Age
25:02 Double-Bit Axe
27:06 Forging
26:57 Padded Archer Armor
27:04 Town Watch
27:40 Bow Saw
28:05 Squires
27:26 Pikeman
27:29 Elite Skirmisher
28:01 Long Swordsman
29:52 Heavy Plow
32:36 Chain Mail Armor
33:17 Fortified Wall
33:52 Leather Archer Armor
34:59 Wagenburg Tactics
36:00 Murder Holes
36:18 Bodkin Arrow
37:17 Ballistics
37:46 Hand Cart
38:39 Town Patrol
40:10 Crossbowman
41:37 Caravan
46:08 Imperial Age
44:29 Iron Casting
46:23 Capped Ram
48:08 Chemistry
47:14 Siege Engineers
47:20 Masonry
47:30 Halberdier
47:31 Two-Handed Swordsman
47:43 Arbalester
50:15 Conscription
52:11 Plate Mail Armor
51:42 Bracer
52:43 Blast Furnace
54:32 Champion
54:52 Elite Hussite Wagon
59:11 Ring Archer Armor
58:17 Sappers
60:52 Architecture
Lord Malbec
0:30 Loom
17:50 Feudal Age
18:22 Man-at-Arms
19:33 Horse Collar
20:31 Wheelbarrow
27:28 Double-Bit Axe
36:07 Castle Age
36:51 Gold Mining
36:52 Stone Mining
36:25 Long Swordsman
37:07 Squires
37:50 Pikeman
38:47 Hand Cart
42:02 Forging
41:52 Scale Mail Armor
43:17 Detinets
46:02 Caravan
51:51 Gold Shaft Mining
51:24 Husbandry
51:49 Bloodlines
56:14 Imperial Age
54:09 Heavy Plow
57:35 Iron Casting
57:16 Chain Mail Armor
56:28 Halberdier
56:31 Two-Handed Swordsman
57:35 Champion
59:01 Conscription
60:25 Cavalier
60:37 Light Cavalry
64:07 Blast Furnace
62:58 Hussar
63:47 Scale Barding Armor
64:44 Plate Mail Armor
64:05 Fletching
65:12 Druzhina
Kato
0:52 Loom
15:55 Feudal Age
16:41 Double-Bit Axe
16:39 Horse Collar
16:33 Man-at-Arms
20:40 Forging
20:31 Scale Mail Armor
20:37 Scale Barding Armor
22:11 Wheelbarrow
27:25 Castle Age
28:42 Pikeman
36:38 Iron Casting
36:18 Chain Mail Armor
38:16 Long Swordsman
41:01 Fletching
46:10 Imperial Age
45:06 Hand Cart
45:52 Gambesons
46:09 Squires
46:33 Two-Handed Swordsman
46:37 Halberdier
48:46 Hoardings
50:16 Champion
56:23 Blast Furnace
55:53 Plate Mail Armor
55:46 Elite Teutonic Knight
58:58 Crenellations
61:48 Chain Barding Armor
61:11 Cavalier
65:26 Plate Barding Armor
66:00 Paladin
69:15 Bloodlines
Connection lost

Rejoining the realm…

Still unreachable

The connection could not be restored.

Session expired

The server has moved on; the page needs a fresh start.